Map: [ESL] Ghost River

Players

INexorable

  • Race: Terran Terran
  • Spawn Location: 11:00

Vindicta - Winner!

  • Race: Terran Terran
  • League: Grandmaster
  • Spawn Location: 1:00

VOD

Have the link to the VOD?

Description

Time

  • Played on: July 5, 2024, 5:57 p.m.
  • Length: 8:14
Show
View Real Time Build Order
Export as new Build Order

INexorable Terran 

Build Orders: Cyclone Opening 

Get SALT Encoding   

  12  0:00  SCV  
  13  0:12  SCV  
  14  0:17  Supply Depot  
  14  0:24  SCV  
  15  0:38  SCV  
  15  0:40  Barracks  
  16  0:43  Refinery  
  16  0:50  SCV  
  16  0:52  Refinery  
  17  1:02  SCV  
  18  1:15  SCV  
  19  1:27  Orbital Command, Reaper  
  20  1:34  Supply Depot  
  20  1:41  Factory  
  20  1:53  SCV  
  21  1:59  Reaper  
  22  2:05  SCV  
  23  2:14  Command Center  
  23  2:17  SCV  
  24  2:25  Cyclone  
  24  2:29  SCV  
  27  2:38  Supply Depot  
  27  2:41  SCV  
  27  2:43  Starport  
  28  2:53  SCV  
  28  2:57  Cyclone  
  30  3:09  SCV  
  31  3:19  Viking  
  33  3:21  Barracks Reactor, SCV  
  33  3:23  Refinery  
  34  3:28  Orbital Command  
  34  3:33  SCV, Factory Tech Lab  
  35  3:45  SCV  
  36  3:50  Starport Tech Lab  
  36  3:51  Siege Tank  
  40  3:55  SCV  
  40  3:58  SCV  
  40  3:59  Marine x2  
  43  4:07  SCV  
  44  4:10  SCV  
  44  4:11  Raven  
  47  4:19  SCV  
  47  4:22  SCV  
  51  4:28  Siege Tank  
  54  4:32  Command Center  
  54  4:34  Supply Depot, SCV  
  54  4:36  SCV  
  52  4:56  SCV x2  
  52  4:58  Raven  
  54  5:04  Supply Depot  
  52  5:08  Interference Matrix  
  52  5:09  SCV x2  
  52  5:11  Supply Depot  
  54  5:14  Engineering Bay  
  54  5:15  Engineering Bay  
  54  5:19  Barracks x2  
  54  5:25  SCV, Siege Tank, Marine x2  
  60  5:29  SCV  
  60  5:33  Refinery  
  60  5:34  Supply Depot  
  61  5:37  SCV  
  61  5:41  SCV  
  61  5:42  Terran Infantry Weapons Level 1, Terran Infantry Armor Level 1  
  63  5:47  Orbital Command  
  63  5:49  SCV  
  64  5:53  SCV  
  64  5:54  Supply Depot  
  65  5:59  Siege Tank  
  65  6:01  SCV  
  69  6:04  Barracks  
  69  6:05  SCV  
  69  6:06  Barracks  
  69  6:09  Barracks Reactor x2  
  70  6:17  SCV x2  
  72  6:19  Stimpack, Starport Reactor, Marine  
  73  6:26  Marine x2  
  73  6:27  SCV  
  73  6:29  SCV  
  77  6:35  SCV  
  77  6:36  Marine, Siege Tank  
  81  6:40  Supply Depot  
  81  6:43  Armory  
  81  6:44  Marine  
  81  6:45  Marine  
  81  6:46  Marine  
  84  6:50  Marine  
  85  6:54  Marine  
  85  6:56  Barracks Reactor  
  85  7:00  Medivac  
  85  7:01  Medivac  
  90  7:02  Marine  
  90  7:03  Marine  
  90  7:04  Supply Depot  
  90  7:07  Marine  
  90  7:08  SCV x2, Marine  
  95  7:10  Barracks Reactor  
  95  7:13  Supply Depot  
  95  7:14  Siege Tank  
  99  7:20  Marine x2  
  99  7:21  Marine  
  102  7:24  Marine  
  102  7:26  Marine  
  104  7:31  Supply Depot  
  104  7:37  Marine  
  104  7:38  Marine  
  104  7:42  Marine  
  104  7:43  Marine x3  
  110  7:44  Supply Depot  
  110  7:47  Marine x3  
  116  7:55  Marine  
Show
View Real Time Build Order
Export as new Build Order

Vindicta Terran - Winner!

Build Orders: Cyclone Opening 

Get SALT Encoding   

  12  0:00  SCV  
  13  0:12  SCV  
  14  0:17  Supply Depot  
  14  0:24  SCV  
  15  0:38  SCV  
  15  0:39  Barracks  
  16  0:42  Refinery  
  16  0:50  SCV  
  16  0:52  Refinery  
  17  1:02  SCV  
  18  1:15  SCV  
  19  1:27  Orbital Command, Reaper  
  20  1:34  Supply Depot  
  20  1:41  Factory  
  20  1:52  SCV  
  21  1:59  Reaper  
  22  2:05  SCV  
  23  2:17  SCV  
  23  2:20  Command Center  
  24  2:28  Cyclone  
  24  2:29  SCV  
  27  2:38  Starport  
  27  2:41  SCV  
  28  2:47  Supply Depot  
  28  2:49  Barracks Reactor  
  28  2:53  SCV  
  29  3:00  Cyclone  
  30  3:06  SCV  
  31  3:15  Medivac  
  31  3:18  Refinery, SCV  
  34  3:25  Marine x2  
  36  3:30  SCV  
  36  3:32  Orbital Command  
  37  3:36  Factory Tech Lab  
  37  3:42  SCV  
  37  3:43  Marine x2  
  37  3:46  Starport Tech Lab  
  40  3:50  Supply Depot  
  40  3:54  SCV  
  41  3:57  Siege Tank  
  41  3:59  SCV  
  41  4:01  Marine  
  46  4:03  Marine  
  46  4:07  SCV  
  48  4:11  Raven  
  48  4:12  SCV  
  51  4:19  Interference Matrix  
  51  4:20  SCV  
  51  4:23  Marine  
  52  4:26  Supply Depot, SCV  
  53  4:32  SCV, Siege Tank  
  53  4:33  Marine  
  58  4:39  SCV  
  58  4:41  Marine  
  58  4:44  Supply Depot, SCV  
  61  4:51  SCV, Marine  
  63  4:56  SCV  
  63  4:59  Raven, Marine  
  65  5:03  SCV  
  65  5:04  Siege Tank  
  69  5:08  Supply Depot, SCV  
  69  5:12  Marine  
  71  5:16  SCV, Marine  
  73  5:21  Command Center  
  73  5:26  SCV  
  74  5:30  Refinery  
  74  5:32  SCV  
  74  5:33  Supply Depot  
  79  5:38  SCV, Siege Tank  
  79  5:44  SCV  
  79  5:50  SCV  
  79  5:51  Viking x2  
  79  5:56  SCV  
  85  5:58  Stimpack  
  85  6:02  SCV  
  85  6:04  Barracks x2  
  86  6:08  SCV  
  86  6:09  Engineering Bay x2, Marine  
  88  6:14  SCV  
  88  6:16  Siege Tank  
  92  6:25  Supply Depot  
  93  6:26  SCV  
  93  6:27  Supply Depot, Marine  
  94  6:46  Viking x2, SCV x2  
  100  6:50  Siege Tank  
  100  6:53  Orbital Command  
  100  6:54  Barracks Reactor, Marauder  
  103  6:58  SCV x2  
  103  7:00  Supply Depot  
  107  7:10  SCV x2  
  107  7:11  Barracks Reactor  
  107  7:13  Barracks  
  107  7:15  Supply Depot, Marine, Barracks  
  109  7:19  Viking  
  113  7:22  SCV  
  113  7:23  SCV  
  113  7:24  Viking, SCV  
  117  7:31  Siege Tank  
  117  7:35  SCV x2  
  117  7:36  SCV  
  124  7:39  Marine x2  
  126  7:45  Supply Depot, Armory  
  126  7:47  Refinery x2, SCV  
  126  7:48  Marine x2  
  126  7:49  Marine  
  129  7:52  SCV  
  129  7:54  SCV  
  131  8:01  Barracks Reactor  
  131  8:02  Barracks Reactor  
  131  8:04  Sensor Tower  
Tags
 
Add a new tag
Caveats
  • Supply blocks, unpowered buildings, or Contaminate may cause inaccurate times.
  • Supply counts are checked every 10 seconds.